 Dungeon Crawl Stone Soup version 0.30-a0-140-gd1020e658a (webtiles) character file.

Game seed: 12956182802435067919

39 Julmuri the Magician (level 3, -10/19 HPs)
             Began as a Tengu Hedge Wizard on Sept 24, 2022.
             Engulfed by a cloud of flame (11 damage)
             ... on level 2 of the Dungeon.
             The game lasted 00:07:06 (2687 turns).

Julmuri the Magician (Tengu Hedge Wizard)           Turns: 2687, Time: 00:07:07

Health: -10/19     AC:  5    Str: 10    XL:     3   Next: 45%
Magic:  9/9        EV: 12    Int: 16    God:
Gold:   151        SH:  0    Dex: 13    Spells: 8/9 levels left

rFire   . . .      SeeInvis .    a - +0 dagger
rCold   . . .      Faith    .    (no shield)
rNeg    . . .      Spirit   .    b - +0 robe
rPois   .          Reflect  .    c - +0 hat
rElec   .          Harm     .    p - +2 cloak
rCorr   .          Rampage  .    (no gloves)
Will    .....                    (boots unavailable)
Stlth   ++........               u - amulet of magic regeneration
HPRegen 0.06/turn                (no ring)
MPRegen 0.51/turn                (no ring)

@: no status effects
A: beak, talons 3
a: no special abilities


You were on level 2 of the Dungeon.
You visited 1 branch of the dungeon, and saw 2 of its levels.

You collected 151 gold pieces.

Inventory:

Hand Weapons
 a - a +0 dagger (weapon)
Armour
 b - a +0 robe (worn)
 c - a +0 hat (worn)
 p - a +2 cloak (worn)
 r - an orb of light
Magical Staves
 s - a staff of death
Jewellery
 o - an amulet of magic regeneration
 u - an amulet of magic regeneration (around neck)
Scrolls
 f - 3 scrolls of identify {unknown}
 g - a scroll of enchant weapon {unknown}
 h - a scroll of enchant armour {unknown}
 i - a scroll of brand weapon {unknown}
 j - 5 scrolls of poison {unknown}
 k - a scroll of teleportation {unknown}
Potions
 d - a potion of magic
 e - 2 potions of curing {unknown}
 l - a potion of haste {unknown}
 m - a potion of flight {unknown}
 n - a potion of heal wounds {unknown}
 q - a potion of degeneration {unknown}
 t - a potion of resistance {unknown}


   Skills:
 + Level 0.1 Fighting
 + Level 2.3 Dodging
 + Level 2.3 Stealth
 + Level 3.7 Spellcasting
 + Level 2.3 Conjurations
 + Level 1.2 Summonings
 + Level 0.7 Translocations


You had 8 spell levels left.
You knew the following spells:

 Your Spells              Type           Power      Damage    Failure   Level
a - Magic Dart            Conj           40%        1d5       7%          1

Your spell library contained the following spells:

 Spells                   Type           Power      Damage    Failure   Level
 Searing Ray              Conj           20%        2d5       10%         2
 Call Imp                 Summ           6%         N/A       16%         2
 Slow                     Hex            8%         N/A       17%         1
 Blink                    Tloc           10%        N/A       21%         2
 Cigotuvi's Dreadful Rot  Necr/Pois/Air  4%         N/A       26%         2
 Mephitic Cloud           Conj/Pois/Air  5%         N/A       36%         3
 Fulminant Prism          Conj/Hex       3%         3d6       71%         4


Dungeon Overview and Level Annotations

Branches:
Dungeon (2/15)

Altars:


Innate Abilities, Weirdness & Mutations

You have a beak for a mouth.
You have claws for feet.


Message History

A goblin comes into view. It is wielding a +0 dagger.
The magic dart hits the goblin.
You kill the goblin!
Found 13 gold pieces.
There is an open door here.
You now have 151 gold pieces (gained 13).
Things that are here:
a +0 dagger; a goblin corpse You open the gate.
There is an open gate here.
You open the gate.
Found a stone staircase leading up.
There is an open gate here.
There is an open gate here.
There is an open gate here.
You see here a +0 club.
You see here a +0 falchion.
You see here a +0 club.
There is an open gate here.
Partly explored, can't reach some items and places.
There is an open gate here.
Partly explored, can't reach some items and places.
Partly explored, can't reach some items and places.
There is an open gate here.
Press: ? - help, v - describe, . - travel The floor.
There is a cloud of flame here.
You start waiting.
Done waiting.
You start waiting.
Done waiting.
You start waiting.
Done waiting.
Really walk into a travel-excluded area?
You are engulfed in blazing flames.
Ouch! That really hurt!
* * * LOW HITPOINT WARNING * * *
You are engulfed in blazing flames.
Ouch! That really hurt!
You die...

.# #....# #§§.# #.# #.##### .#
#....# #.§.# #.# #.# .#
#....#####...#####.# #.# .#
#.....§§☼.(.[.☼§§..# #.#
.####.....§§§.(.$.☼○§..####.##
....'.....☼§...?..§○...'....>#
.####^...#####...#####.####..#
.# #....# #°§○# #.# #..# .#
###### #☼§@# ### #..# .# #○☼§#
#..# .# #...##########..# .#
##.....[........# .#
#.#........(...# ###
#.#.##########.#### ..#
#.#................ #.#
#.#..#########.#### #.#
#.#.......# #.#


There were no monsters in sight!

Vanquished Creatures
  A dart slug (D:1)
  4 ball pythons
  2 bats
  4 endoplasms (D:1)
  A giant cockroach (D:1)
  7 goblins
  2 hobgoblins
  3 quokkas
  4 frilled lizards
  A kobold (D:2)
  4 rats
33 creatures vanquished.

Vanquished Creatures (others)
  3 fungi (D:1)
  A plant (D:1)
4 creatures vanquished.

Grand Total: 37 creatures vanquished

Notes
Turn   | Place    | Note
-------+----------+-------------------------------------------
     0 | D:1      | Julmuri the Tengu Hedge Wizard began the quest for the Orb.
     0 | D:1      | Reached XP level 1. HP: 10/10 MP: 5/5
   302 | D:1      | Reached XP level 2. HP: 15/15 MP: 0/7
   508 | D:1      | Found a faded altar of an unknown god.
   975 | D:1      | Reached XP level 3. HP: 9/19 MP: 1/9
  2687 | D:2      | Engulfed by a cloud of flame

Illustrated notes

Levels and vault maps discovered:
D:1:      onia_arrival_handbag, layout_loops_ring,
          shapermc_ecumenical_altar_petra
D:2:      layout_basic, amethyst_killhole, kennysheep_donut, lemuel_flame_loot_1

Skill      XL: |  1  2  3 |
---------------+----------+-----
Conjurations   | 2 |  2.3
Fighting       | |  0.1
Dodging        | |  2.3
Stealth        | |  2.3
Spellcasting   | |  3.7
Summonings     | |  1.2
Translocations | |  0.7

Action                   || total
-------------------------++-------
Melee: Dagger            ||    32
       Peck              ||     9
       Kick              ||    11
       Punch             ||     1
 Cast: Magic Dart        ||    70
Dodge: Dodged            ||     5

Table legend: (Time is in decaauts)
 A = Elapsed time spent in this place.
 B = Non-inter-level travel time spent in this place.
 C = Inter-level travel time spent in this place.
 D = Time resting spent in this place.
 E = Time spent auto-exploring this place.
 F = Levels seen in this place.
 G = Mean time per level.
                   A        B        C        D        E       F      G
               +--------+--------+--------+--------+--------+-----+--------+
         Total |   2686 |   2610 |     76 |    459 |   1716 |   2 | 1343.0 |
       Dungeon |   2686 |   2610 |     76 |    459 |   1716 |   2 | 1343.0 |
               +--------+--------+--------+--------+--------+-----+--------+

Top non-repeatable levels by time:
     D:1: 1436 daAuts
     D:2: 1250 daAuts
